 Dungeon Crawl Stone Soup version 0.31.0-11-ge490571c62 (webtiles) character file.

Game seed: 10301233421396320921

3 puppykicker the Grave Robber (level 1, 16/16 HPs)
             Began as a Troll Necromancer on Jan 27, 2024.
             Quit the game on level 1 of the Dungeon.
             The game lasted 00:00:23 (51 turns).

puppykicker the Grave Robber (Troll Necromancer)      Turns: 51, Time: 00:00:24

Health: 16/16      AC:  4    Str: 15    XL:     1   Next: 41%
Magic:  1/1        EV:  9    Int: 11    God:
Gold:   11         SH:  0    Dex: 10    Spells: 1/2 levels left

rFire   . .          .
                       - Unarmed
rCold   . . .        (no shield)
rNeg    . . .        a - +0 robe
rPois   .            (helmet restricted)
rElec   .            (no cloak)
rCorr   .            (gloves unavailable)
SInv    .            (boots unavailable)
Will    .....        (no amulet)
Stlth   +            (no ring)
HPRegen 1.02/turn    (no ring)
MPRegen 0.07/turn

%: no passive effects
@: no status effects
A: large, unfitting armour, claws 3, regeneration 1, shaggy fur 1, tough skin 1
a: no special abilities


You were on level 1 of the Dungeon.
You visited 1 branch of the dungeon, and saw 1 of its levels.

You collected 11 gold pieces.

Inventory:

Armour
 a - a +0 robe (worn)
Scrolls
 d - a scroll of fear {unknown}
Potions
 b - a potion of magic
 c - a potion of mutation {unknown}


   Skills:
 - Level 1.5 Dodging
 - Level 1.0 Stealth
 + Level 1.0 Unarmed Combat
 - Level 1.2 Spellcasting
 - Level 3.2 Necromancy


You had one spell level left.
You knew the following spells:

 Your Spells              Type           Power      Damage    Failure   Level
a - Necrotise             Necr           28%        1d5       9%          1

Your spell library contained the following spells:

 Spells                   Type           Power      Damage    Failure   Level
 Vampiric Draining        Necr           7%         2d6       26%         3
 Animate Dead             Necr           7%         N/A       63%         4
 Curse of Agony           Necr           7%         N/A       93%         5


Dungeon Overview and Level Annotations

Branches:
Dungeon (1/15)

Altars:


Innate Abilities, Weirdness & Mutations

You are too large for most types of armour.
You have claws for hands.
Your natural rate of healing is unusually fast.
You are covered in fur. (AC +1)
You have tough skin. (AC +1)


Message History

11 gold pieces; an orange potion
c - an orange potion You now have 11 gold pieces.
A goblin comes into view. It is wielding a +0 dagger.
You claw the ball python!
You kill the ball python!
The goblin shouts!
You hear a shout!
An endoplasm comes into view.
You barely miss the goblin. The goblin hits you with a +0 dagger.
You take 1 damage, and have 15/16 hp.
You scratch the goblin.
The goblin is moderately wounded.
The goblin closely misses you.
Health restored: 16 You scratch the goblin.
You kill the goblin!
Unknown command.
No target in view!
No target in view!
Okay, then.
Unknown command.
You open the door.
There is an open door here.
You open the door.
There is an open door here.
A goblin comes into view. It is wielding a +0 dagger.
The goblin moves out of view.
There is an open door here.
A goblin is nearby!
A goblin is nearby!
No reachable target in view!
No reachable target in view!
No reachable target in view!
No reachable target in view!
You claw the goblin!
You kill the goblin!
Your Unarmed Combat skill increases to level 1!
You see here a +0 dagger.
d - a scroll labelled MUKLULA DAODIU Are you sure you want to abandon this character and quit the game? (Confirm with "yes".)

+.... #.... #...# #...
#...# #.. #...# #.#
#...###### ########.#
####.........
.........###.....?......
................@.......
#.<......)..............
#..#######..............
#..##...##..............
#..#.###.#..............
#..'.#⌠#.#..^...........
#..#.'##.#.....#########
#..##...##.....#
#..#######.....#


There were no monsters in sight!

Levels and vault maps discovered:
D:1:      minmay_arrival_stone_box, layout_basic

Notes
Turn   | Place    | Note
-------+----------+-------------------------------------------
     0 | D:1      | puppykicker the Troll Necromancer began the quest for the
                  | Orb.
     0 | D:1      | Reached XP level 1. HP: 16/16 MP: 1/1
     5 | D:1      | Identified a +0 dagger
    26 | D:1      | Identified a +0 dagger
    42 | D:1      | Reached skill level 1 in Unarmed Combat
    51 | D:1      | Quit the game

Table legend: (Time is in decaauts)
 A = Elapsed time spent in this place.
 B = Non-inter-level travel time spent in this place.
 C = Inter-level travel time spent in this place.
 D = Time resting spent in this place.
 E = Time spent auto-exploring this place.
 F = Levels seen in this place.
 G = Mean time per level.
                   A        B        C        D        E       F      G
               +--------+--------+--------+--------+--------+-----+--------+
         Total |     51 |     51 |      0 |      0 |     26 |   1 |   51.0 |
       Dungeon |     51 |     51 |      0 |      0 |     26 |   1 |   51.0 |
               +--------+--------+--------+--------+--------+-----+--------+

Top non-repeatable levels by time:
     D:1: 51 daAuts

Table legend:
 A = Kills in this place as a percentage of kills in the entire game.
 B = Kills by you in this place as a percentage of kills by you in the entire game.
 C = Kills by friends in this place as a percentage of kills by friends in the entire game.
 D = Other kills in this place as a percentage of other kills in the entire game.
 E = Experience gained in this place as a percentage of experience gained in the entire game.
 F = Experience gained in this place divided by the number of levels of this place that you have seen.
                   A       B       C       D       E      F
               +-------+-------+-------+-------+-------+----------------------
         Total | 100.0 | 100.0 |   N/A |   N/A | 100.0 |   5.0
       Dungeon | 100.0 | 100.0 |   N/A |   N/A | 100.0 |   5.0
               +-------+-------+-------+-------+-------+----------------------

Skill      XL: |  1 |
---------------+----+-----
Unarmed Combat | 1 |  1.0
Dodging        | |  1.5
Stealth        | |  1.0
Spellcasting   | |  1.2
Necromancy     | |  3.2

Action                     || total
---------------------------++-------
  Melee: Unarmed           ||     5
 Armour: Robe              ||     1
  Dodge: Dodged            ||     1

Vanquished Creatures
  2 goblins (D:1)
  A ball python (D:1)
3 creatures vanquished.
